 Dungeon Crawl Stone Soup version 0.28.0 (webtiles) character file.

Game seed: 6589911183438536837

95 HallandMoats the Skirmisher (level 4, -1/33 HPs)
             Began as an Octopode Monk on Feb 7, 2022.
             Was a Priest of Trog.
             Slain by a black bear (3 damage)
             ... on level 3 of the Dungeon.
             The game lasted 00:01:37 (1808 turns).

HallandMoats the Skirmisher (Octopode Monk)         Turns: 1808, Time: 00:01:38

Health: -1/33      AC:  1    Str: 12    XL:     4   Next: 66%
Magic:  5/5        EV: 14    Int: 12    God:    Trog [***...]
Gold:   127        SH:  0    Dex: 14    Spells: 3/3 levels left

rFire   . . .      SeeInvis .     - Unarmed
rCold   . . .      Faith    .   (no shield)
rNeg    . . .      Spirit   .   (helmet restricted)
rPois   .          Reflect  .   (no amulet)
rElec   .          Harm     .   (no ring)
rCorr   .          Rampage  .   (no ring)
Will    .....                   (no ring)
Stlth   +++.......              (no ring)
HPRegen 0.11/turn               (no ring)
MPRegen 0.09/turn               (no ring)
                                (no ring)
                                (no ring)

@: no status effects
A: almost no armour, amphibious, 8 rings, camouflage 1, gelatinous body 1,
(nimble swimmer 1), tentacles
a: Renounce Religion, Berserk, Trog's Hand


You were on level 3 of the Dungeon.
You worshipped Trog.
Trog was most pleased with you.
You visited 1 branch of the dungeon, and saw 3 of its levels.

You collected 127 gold pieces.

Inventory:

Hand Weapons
 f - the +4 dagger of Superiority {vorpal, rN+}
   (You found it on level 2 of the Dungeon)

   It inflicts extra damage upon your enemies.
   rN:        It protects you from negative energy.
Jewellery
 b - an amulet of reflection
Scrolls
 a - a scroll of magic mapping {unknown}
 g - a scroll of enchant armour {unknown}
 h - a scroll of teleportation {unknown}
 i - a scroll of noise {unknown}
 j - a scroll of fog {unknown}
Potions
 c - a potion of brilliance {unknown}
 d - a potion of invisibility {unknown}
 e - a potion of degeneration {unknown}


   Skills:
 * Level 3.7 Fighting
 * Level 3.6 Dodging
 + Level 3.3 Stealth
 * Level 3.6 Unarmed Combat
 + Level 1.3 Invocations


You had 3 spell levels left.
You didn't know any spells.
Your spell library was empty.

Dungeon Overview and Level Annotations

Branches:
Dungeon (3/15)

Altars:
Ashenzari
Trog


Innate Abilities, Weirdness & Mutations

You cannot wear most types of armour.
You are amphibious.
You can wear up to eight rings at the same time.
Your skin changes colour to match your surroundings (Stealth+).
Your rubbery body absorbs attacks. (AC +1, EV +1)
((You are camouflaged when in or above water. (Stealth+)))
You have tentacles for arms and can constrict up to eight enemies at once.


Message History

No target in view!
No target in view!
HP restored.
You now have 127 gold pieces (gained 13).
Found a chain mail.
A black bear comes into view.
A black bear is nearby!
A black bear is nearby!
A black bear is nearby!
The black bear bites you. The black bear misses you.
The black bear closely misses you.
You barely miss the black bear. You grab the black bear.
You constrict the black bear, but do no damage.
The black bear barely misses you. x2; The black bear claws you.
You tentacle-slap the black bear but do no damage.
You constrict the black bear. The black bear closely misses you.
The black bear barely misses you. The black bear closely misses you.
You completely miss the black bear.
The black bear is lightly wounded.
You constrict the black bear. The black bear closely misses you.
The black bear misses you. x2
You tentacle-slap the black bear but do no damage.
You squeeze the black bear.
The black bear is moderately wounded.
You constrict the black bear. The black bear bites you!
The black bear claws you. x2
You are too injured to fight recklessly!
You are too injured to fight recklessly!
You are too injured to fight recklessly!
You tentacle-slap the black bear but do no damage.
The black bear is moderately wounded.
You constrict the black bear. The black bear bites you.
The black bear claws you. x2
* * * LOW HITPOINT WARNING * * *
You tentacle-slap the black bear but do no damage.
The black bear is moderately wounded.
You constrict the black bear. The black bear bites you!
* * * LOW HITPOINT WARNING * * *
The black bear closely misses you. The black bear claws you.
You die...

#####
######...#####
.............
##.....#.##.##
##.....@h......
#.....#.#.#.#.#
########....#.# #
#.....#.....###[#
#.....#.#........
#................
#.....#.#...###.#
#.....#.#.....# #
####........###.
##. .#


You could see a black bear.

Vanquished Creatures
  Terence (D:3)
  4 gnolls (D:2)
  A worm (D:2)
  An endoplasm (D:1)
  2 giant cockroaches
  4 goblins
  3 hobgoblins (D:1)
  3 quokkas (D:1)
  3 ball pythons
  4 bats
  A kobold (D:1)
  2 rats (D:1)
29 creatures vanquished.

Notes
Turn   | Place    | Note
-------+----------+-------------------------------------------
     0 | D:1      | HallandMoats the Octopode Monk began the quest for the Orb.
     0 | D:1      | Reached XP level 1. HP: 16/16 MP: 1/1
    19 | D:1      | Reached XP level 2. HP: 15/21 MP: 2/2
   106 | D:1      | Found a faded altar of an unknown god.
   162 | D:1      | Prayed at the altar of an unknown god.
   162 | D:1      | Became a worshipper of Trog the Wrathful
   162 | D:1      | Reached * piety under Trog
   162 | D:1      | Reached ** piety under Trog
   336 | D:1      | Reached *** piety under Trog
   842 | D:2      | Found a broken altar of Ashenzari.
   853 | D:2      | Reached XP level 3. HP: 18/26 MP: 3/3
   853 | D:2      | Identified the +4 dagger of Superiority {vorpal, rN+}
  1001 | D:2      | Reached skill level 1 in Invocations
  1021 | D:2      | Reached XP level 4. HP: 25/31 MP: 4/4
  1692 | D:3      | Noticed Terence
  1701 | D:3      | Killed Terence
  1797 | D:3      | Noticed a black bear
  1808 | D:3      | Slain by a black bear

Illustrated notes

Levels and vault maps discovered:
D:1:      dpeg_arrival_tiny_a, layout_rooms, ebering_ecumenical_altar_hall
D:2:      layout_basic, basic_altar, nrook_mini_backslash,
          guppyfry_early_lair_pool
D:3:      kennysheep_goblin_castle, layout_loops_cross, serial_shops, shop,
          minmay_misc_feat_nine_boxes, kennysheep_generic_room_8, uniq_terence,
          uniq_natasha, uniq_ijyb

Skill      XL: |  1  2  3 |
---------------+----------+-----
Stealth        | 3 |  3.3
Invocations    | 1 |  1.3
Fighting       | |  3.7
Dodging        | |  3.6
Unarmed Combat | |  3.6

Action                   |  1- 3 |  4- 6 || total
-------------------------+-------+-------++-------
Melee: Unarmed           |    47 |    14 ||    61
       Constrict         |    17 |     4 ||    21
       Tentacles         |    14 |     3 ||    17
       Punch             |     1 |       ||     1
Invok: Trog's Hand       |     2 |       ||     2
 Stab: Sleeping          |     5 |     4 ||     9
Dodge: Dodged            |    29 |    12 ||    41
